AoeStats
← Herby

Hill Fort

505385868Analyzed
4v4 RM · 23d ago on Sep 9, 2026· 44m 46s· 8 players
Game mode
Random Map
Map size
Large (8 player)
Population
200
Speed
Normal
Resources
Standard
Victory
Conquest
Starting age
Dark Age
Ending age
Imperial Age
RankedLock teamsTeams togetherTeam positionsShared explorationLock speedFull tech treeHidden civsTurbo modeCheats
Victory
Defeat
🇨🇳 Franks · China
1340
+21
🇧🇷 Maya · Brazil
1330
+21
🇨🇳 Mongols · China
1328
+21
🇹🇼 Poles · Taiwan
1250
+24
🇨🇳 Spanish · China
1457
-22
🇲🇽 Romans · Mexico
1457
-22
🇲🇽 Burmese · Mexico
1447
-22
🇺🇸 Aztecs · United States
1430
-21
123456
10:59 Feudal Age
15:10 Castle Age
13:48 Double-Bit Axe
17:09 Bow Saw
17:47 Loom
21:28 Horse Collar
24:48 Wheelbarrow
24:24 Fletching
25:50 Bodkin Arrow
26:39 Padded Archer Armor
28:33 Leather Archer Armor
30:05 Husbandry
30:13 Heavy Plow
30:31 Hand Cart
31:09 Town Watch
35:14 Imperial Age
34:12 Ballistics
35:23 Forging
35:18 Scale Barding Armor
35:55 Bloodlines
36:18 Conscription
35:22 Elite Steppe Lancer
37:19 Iron Casting
39:15 Blast Furnace
39:26 Chain Barding Armor
42:48 Bracer
44:49 Chemistry
Cattiva
10:51 Feudal Age
9:19 Loom
14:56 Castle Age
13:38 Double-Bit Axe
13:34 Horse Collar
15:44 Heavy Plow
15:55 Bow Saw
25:36 Scale Barding Armor
26:13 Gold Mining
26:52 Szlachta Privileges
27:09 Chain Barding Armor
27:02 Bloodlines
30:19 Husbandry
31:59 Forging
33:23 Iron Casting
33:52 Wheelbarrow
39:27 Hand Cart
40:26 Town Watch
41:49 Stone Mining
43:25 Town Patrol
47:28 Imperial Age
帝国小牛
10:51 Feudal Age
12:32 Loom
15:32 Castle Age
15:50 Scale Barding Armor
17:11 Gold Mining
28:42 Husbandry
33:36 Forging
34:42 Chain Barding Armor
36:41 Iron Casting
42:34 Double-Bit Axe
43:56 Gold Shaft Mining
43:12 Stone Mining
76561199637268274
0:27 Loom
11:25 Feudal Age
15:48 Castle Age
13:55 Horse Collar
15:12 Fletching
15:12 Double-Bit Axe
15:47 Fletching
17:21 Bodkin Arrow
19:07 Padded Archer Armor
23:33 Ballistics
28:12 Leather Archer Armor
42:28 Imperial Age
43:51 Bracer
45:24 Chemistry
peterzjx
10:28 Feudal Age
11:44 Loom
15:23 Castle Age
16:00 Forging
16:32 Horse Collar
16:43 Double-Bit Axe
19:23 Scale Mail Armor
20:39 Squires
22:08 Eagle Warrior
23:47 Heavy Plow
24:41 Arson
26:23 Chain Mail Armor
27:26 Gold Mining
29:15 Iron Casting
29:06 Bow Saw
31:49 Wheelbarrow
32:43 Town Watch
36:40 Imperial Age
37:55 Plate Mail Armor
38:27 Garland Wars
41:12 Blast Furnace
41:54 Elite Eagle Warrior
Herby
5:08 Loom
10:20 Feudal Age
14:45 Castle Age
13:22 Double-Bit Axe
14:23 Gold Mining
20:15 Bow Saw
23:02 Wheelbarrow
24:34 Ballistics
32:53 Hand Cart
37:22 Horse Collar
40:11 Fletching
40:48 Bodkin Arrow
轻绘梨花泪满衣
10:52 Feudal Age
11:09 Loom
17:28 Castle Age
15:47 Double-Bit Axe
15:44 Horse Collar
16:54 Padded Archer Armor
17:14 Gold Mining
18:58 Leather Archer Armor
19:57 Bow Saw
27:44 Wheelbarrow
27:39 Bloodlines
27:30 Husbandry
30:08 Heavy Plow
36:04 Imperial Age
34:44 Hand Cart
34:14 Town Watch
34:14 Loom
34:35 Scale Mail Armor
34:46 Forging
34:43 Scale Barding Armor
36:38 Town Patrol
36:37 Cavalier
37:57 Chain Barding Armor
38:12 Iron Casting
38:12 Paladin
39:31 Plate Barding Armor
40:21 Conscription
40:50 Elite Conquistador
44:02 Blast Furnace
[Pb] Komodo 3000
9:59 Feudal Age
13:57 Castle Age
13:20 Gold Mining
15:48 Redemption
16:44 Sanctity
17:46 Fervor
21:33 Loom
35:16 Imperial Age
33:23 Wheelbarrow
36:16 Block Printing
36:34 Illumination
36:54 Fletching
40:34 Pikeman
Connection lost

Rejoining the realm…

Still unreachable

The connection could not be restored.

Session expired

The server has moved on; the page needs a fresh start.